 Dungeon Crawl Stone Soup version 0.22-a0-322-g60b3cfd (webtiles) character file.

81242 Goblin1989 the Black Belt (level 15, -2/129 HPs)
             Began as an Octopode Transmuter on Apr 5, 2018.
             Was an Initiate of Gozag.
             Killed from afar by a deep elf knight (36 damage)
             ... with an orb of energy
             ... on level 14 of the Dungeon on Apr 6, 2018.
             The game lasted 02:49:26 (35477 turns).

Goblin1989 the Black Belt (Octopode Transmuter)    Turns: 35477, Time: 02:49:27

Health: -2/129     AC: 11    Str: 16    XL:     15   Next: 69%
Magic:  23/26      EV: 24    Int: 38    God:    Gozag
Gold:   1163       SH:  4    Dex: 20    Spells: 16/29 levels left

rFire    . . .     SeeInvis +     - Unarmed
rCold    + + +     Gourm    .   (shield currently unavailable)
rNeg     . . .     Faith    .   (helmet currently unavailable)
rPois    +         Spirit   .   N - amulet of Oddelac {Reflect rC++ MR+ Int+10 Dex-3 SH+4}
rElec    .         Reflect  +   f - ring of protection from fire
rCorr    +         Harm     .   y - +3 ring of intelligence
MR       +++..                  s - ring of see invisible
Stlth    +++.......             z - +2 ring of protection
HPRegen  0.31/turn              o - +5 ring of dexterity
MPRegen  0.20/turn              c - ring of protection from cold
                                m - ring of protection from magic
                                g - ring of resist corrosion

@: mighty, brilliant, agile, ice-form, gold aura, berserk cooldown, slowed, very
slow
A: large, almost no armour, stealthy swim, amphibious, 8 rings, (constrict 8)
a: End Transformation, Potion Petition, Call Merchant, Bribe Branch, Renounce
Religion


You were on level 14 of the Dungeon.
You worshipped Gozag.
Gozag was most pleased with you.
You were not hungry.
You were a creature of crystalline ice.
You visited 3 branches of the dungeon, and saw 22 of its levels.
You also visited: Volcano.

You collected 6541 gold pieces.
You spent 2333 gold pieces at shops.
You paid 3045 gold pieces to Gozag.

Inventory:

Hand Weapons
 b - a +7 hand crossbow of velocity (melded)
Missiles
 a - 348 arrows
 L - 80 bolts
 Z - 2 throwing nets (quivered) {!d , @Q1}
Armour
 r - a +2 hat (melded)
Jewellery
 c - a ring of protection from cold (on tentacle)
 f - a ring of protection from fire (left front paw)
 g - a ring of resist corrosion (on tentacle)
 i - an uncursed amulet of the acrobat {unknown}
 m - a ring of protection from magic (on tentacle)
 o - a +5 ring of dexterity (on tentacle)
 s - a ring of see invisible (on tentacle)
 w - the amulet of Obsession {Acrobat rN++ Str+3 Int+2 Dex-2}
   (You found it on level 4 of the Lair of Beasts)

   [amulet of the acrobat]

   It helps you evade while moving and waiting.
   It affects your strength (+3).
   It affects your intelligence (+2).
   It affects your dexterity (-2).
   It greatly protects you from negative energy.
 x - an uncursed ring of ice
 y - a +3 ring of intelligence (right front paw)
 z - a +2 ring of protection (on tentacle)
 N - the amulet of Oddelac (around neck) {Reflect rC++ MR+ Int+10 Dex-3 SH+4}
   (You found it on level 8 of the Dungeon)

   [amulet of reflection]

   It shields you and reflects attacks.
   It affects your intelligence (+10).
   It affects your dexterity (-3).
   It greatly protects you from cold.
   It affects your resistance to hostile enchantments.
   It affects your SH (+4).
 W - an uncursed amulet of the gourmand {unknown}
Wands
 A - a wand of acid (9)
 E - a wand of random effects (67)
 G - a wand of digging (8)
 H - a wand of polymorph (15)
 I - a wand of iceblast (11)
 J - a wand of scattershot (9)
 P - a wand of paralysis (9)
Scrolls
 j - 2 scrolls of remove curse {@r2}
 k - a scroll of fog
 l - 4 scrolls of holy word {unknown}
 p - 4 scrolls of amnesia
 q - 3 scrolls of immolation {unknown}
 B - a scroll of blinking
 K - 3 scrolls of vulnerability {unknown}
 M - 4 scrolls of magic mapping
 T - 10 scrolls of teleportation {!r, @r3}
 V - 2 scrolls of enchant armour {unknown}
Potions
 h - 3 potions of brilliance
 v - 2 potions of cancellation
 C - a potion of magic
 D - 4 potions of might
 O - 4 potions of haste {@q3, !q}
 Q - 5 potions of curing {@q1}
 S - 3 potions of mutation {!q}
 U - 2 potions of invisibility
 X - 2 potions of agility
 Y - a potion of flight
Miscellaneous
 n - a box of beasts
 F - a fan of gales
Comestibles
 e - 8 rations


   Skills:
 + Level 12.1 Fighting
 - Level 10.0 Crossbows
 + Level 12.2 Dodging
 + Level 15.1 Unarmed Combat
 * Level 7.8 Spellcasting
 - Level 5.1 Transmutations
 - Level 5.0 Ice Magic
 - Level 5.1 Evocations


You had 16 spell levels left.
You knew the following spells:

 Your Spells              Type           Power        Failure   Level  Hunger
a - Beastly Appendage     Tmut           ######       1%          1    None
b - Spider Form           Tmut/Pois      ######....   1%          3    None
c - Sticks to Snakes      Tmut           ######..     1%          2    None
d - Ice Form              Ice/Tmut       ######..     1%          4    None
h - Ozocubu's Armour      Chrm/Ice       ######..     1%          3    None


Dungeon Overview and Level Annotations

Branches:
Dungeon (14/15)            Temple (0/1) D:6            Lair (6/6) D:9
 Shoals (0/4) Lair:3       Spider (0/4) Lair:3        Slime (0/5) Lair:5
    Orc (2/2) D:11            Elf (0/3) Orc:2        Vaults (0/5) D:14

Altars:
Ashenzari
Dithmenos
Fedhas
Gozag
Uskayaw
Vehumet
Wu Jian
Yredelemnul
Zin

Shops:
D:5 (   D:9 *   D:10 }[   D:11 [   D:12 *   D:13 (   Orc:2 *((?

Annotations:
D:3 exclusion: Grinder, Grinder
D:4 exclusion: black bear
D:5 Dowan; Eustachio; Menkaure
D:7 Goblin1989's ghost, novice OpTm
D:8 exclusion: statue


Innate Abilities, Weirdness & Mutations

You cannot wear most types of armour.
You are very stealthy in the water. (Stealth+)
You are amphibious.
You can wear up to eight rings at the same time.
((You can use your tentacles to constrict eight enemies at once.))
((Your skin changes colour to match your surroundings (Stealth+).))
((Your rubbery body absorbs attacks. (AC +1, EV +1)))


Message History

The troll shouts!
Your transformation is almost over.
Things that are here:
19 gold pieces; an uncursed longbow; 24 arrows You feel a strong urge to attack something.
You are no longer berserk.
You are exhausted.
You feel yourself slow down.
There is an open door here.
You now have 36/108 hp.
You bite the troll!
The troll is poisoned.
The troll is no longer distracted by gold.
The troll is moderately wounded.
The troll bites you!
* * * LOW HITPOINT WARNING * * *
The troll misses you. The troll completely misses you.
You take 8 damage, and have 28/108 hp.
You maul the troll!!
The troll is almost dead.
The troll completely misses you. x2; The troll misses you.
The troll completely misses you. x2; The troll misses you.
The troll bites you but does no damage. The troll completely misses you.
You block the troll's attack.
The deep elf knight gestures wildly while chanting.
The deep elf knight seems to speed up.
You bite the troll!
You kill the troll!
The deep elf knight casts a spell at you.
The stone arrow hits you!
* * * LOW HITPOINT WARNING * * *
You take 23 damage, and have 6/108 hp.
MASSIVE DAMAGE!!
You closely miss the deep elf knight.
The deep elf knight is distracted by the nearby gold.
Unknown command. [a] - 324 gold - invisibility and agility [b] - 294 gold - haste and brilliance [c] - 450 gold - heal wounds, berserk rage, might and agility Purchase which effect?
You feel much better.
You're still recovering from your berserk rage.
You feel mightier all of a sudden.
You feel more agile all of a sudden.
You regained 26 hp, and now have 32/108 hp.
The deep elf knight shouts!
You bite the deep elf knight!
The deep elf knight looks as sick as possible!
The deep elf knight is no longer distracted by gold.
The deep elf knight is moderately wounded.
Your transformation has ended.
Your +7 hand crossbow of velocity unmelds from your body.
Your +2 hat unmelds from your body.
You hear a shout!
The deep elf knight hits you but does no damage.
Really attack while wielding your +7 hand crossbow of velocity?
Okay, then.
Unknown command.
Casting: Ozocubu's Armour (safe; 1% risk of failure)
Confirm with . or Enter, or press ? or * to list all spells.
You turn into a creature of crystalline ice.
Your +7 hand crossbow of velocity melds into your body.
Your +2 hat melds into your body.
The deep elf knight is distracted by the nearby gold.
You now have 39/129 hp.
You barely miss the deep elf knight.
The deep elf knight is no longer distracted by gold.
The deep elf knight shouts!
The deep elf knight is moderately wounded.
The deep elf knight points at you and mumbles some strange words.
The stone arrow hits you!
* * * LOW HITPOINT WARNING * * *
The deep elf knight is distracted by the nearby gold.
You take 7 damage, and have 32/129 hp.
You closely miss the deep elf knight.
The deep elf knight is no longer distracted by gold.
The deep elf knight shouts!
The deep elf knight is heavily wounded.
The deep elf knight is distracted by the nearby gold.
The deep elf knight shouts!
You punch the deep elf knight! You freeze the deep elf knight.
The deep elf knight is no longer distracted by gold.
The deep elf knight is severely wounded.
The frost giant is distracted by the nearby gold.
The deep elf knight casts a spell at you.
The stone arrow misses you.
The frost giant shouts!
The deep elf knight blocks your attack.
The deep elf knight is severely wounded.
The deep elf knight misses you.
The deep elf knight points at you and mumbles some strange words.
The orb of energy misses you.
Unknown command.
You hit the deep elf knight. You freeze the deep elf knight.
The deep elf knight is severely wounded.
You block the deep elf knight's attack.
Unknown command.
You barely miss the deep elf knight.
The deep elf knight is severely wounded.
The deep elf knight casts a spell at you.
The orb of energy hits you!
You die...
Your body crumbles into a pile of gold. ██....██ █████

█(████.█ █.█:/█.█
█.█??█.█
█.█▲▲█.██.
█.█CC█.██..
█$█pe█.██..███
█$█F.█.██..█..
█Y█.y█▲██..█.█████
█e█.T█ █.........


██C█ █....██... █..█ █....██... █████████....██... █.....█.........
█............... █.......████████ █.......█ You could see a frost giant and a
deep elf knight.

Vanquished Creatures
  A fire giant (D:14)
  Nessos (D:12)
  Snorg (Orc:1)
  An ettin (D:13)
  Josephine (Orc:1)
  A fire dragon (Lair:6)
  A yaktaur captain (D:13)
  4 vault guards (D:14)
  8 hydras
  Harold (Lair:3)
  2 centaur warriors (D:14)
  Erica (D:10)
  2 catoblepae (Lair:5)
  8 two-headed ogres
  An ogre mage (D:14)
  Urug (D:12)
  A hell knight (Volcano)
  4 orc high priests (Orc:2)
  2 unseen horrors
  A wizard (D:14)
  A lindwurm (Lair:6)
  A mana viper (shapeshifter) (D:13)
  An orb spider (shapeshifter) (D:14)
  3 orc sorcerers
  4 ugly things
  9 deep elf magi
  2 orc knights
  4 oklob plants (Lair:4)
  2 cyclopes
  4 manticores
  5 black mambas
  2 molten gargoyles (Lair:6)
  A torpor snail (Lair:5)
  13 spiny frogs
  4 centaur skeletons
  5 rime drakes (Lair:6)
  10 komodo dragons
  2 yaktaurs (D:14)
  8 trolls
  Prince Ribbit (D:6)
  2 polar bears
  3 slime creatures (D:13)
  11 blink frogs
  A hippogriff (shapeshifter) (D:13)
  6 hippogriffs
  11 dream sheep
  A vampire (D:13)
  2 spriggans
  2 shadows
  8 wyverns
  11 yaks
  3 wraiths (D:11)
  4 fire bats (Lair:4)
  3 basilisks
  2 steam dragons (Lair:6)
  3 hungry ghosts
  A vampire mosquito (D:14)
  2 wargs
  A soldier ant (D:13)
  3 hell hounds (Lair:6)
  3 acid dragons
  3 porcupines
  12 water moccasins
  18 orc warriors
  7 sky beasts
  3 ice beasts
  2 black bears
  3 eyes of draining
  13 ogres
  3 phantoms
  2 necrophages
  3 wolves (Lair:2)
  7 centaurs
  8 crocodiles
  A big kobold (D:11)
  17 bullfrogs
  A wyvern zombie (D:8)
  A water moccasin zombie (D:6)
  2 wyvern skeletons (D:11)
  5 scorpions
  4 wights (D:10)
  4 centaur zombies
  A howler monkey (D:9)
  4 lava snakes (Lair:6)
  9 crimson imps
  2 quasits
  22 orc wizards
  2 bullfrog skeletons
  9 hounds
  33 orc priests
  10 jellies
  2 iguanas
  Ijyb (D:5)
  4 worker ants
  A hound zombie (D:6)
  2 hound skeletons
  A howler monkey zombie (D:10)
  A howler monkey skeleton (D:8)
  3 gnolls (D:6)
  9 adders
  4 shadow imps
  An ooze (Lair:5)
  An adder skeleton (D:9)
  3 worms
  4 dart slugs
  5 leopard geckos
  49 orcs
  4 bats
  2 giant cockroaches
  9 goblins
  7 hobgoblins
  18 jackals
  17 kobolds
  3 quokkas
  2 ball pythons
  4 frilled lizards
  A jackal skeleton (D:6)
  A quokka skeleton (D:5)
  5 rats
  A fungus (Lair:6)
584 creatures vanquished.

Vanquished Creatures (collateral kills)
  A blink frog (Lair:4)
1 creature vanquished.

Vanquished Creatures (others)
  A spiny frog (Lair:5)
  A centaur (Lair:2)
  6 fungi
  7 plants
15 creatures vanquished.

Grand Total: 600 creatures vanquished

Notes
Turn   | Place    | Note
-------+----------+-------------------------------------------
     0 | D:1      | Goblin1989 the Octopode Transmuter began the quest for the Orb.
     0 | D:1      | Reached XP level 1. HP: 13/13 MP: 3/3
   187 | D:1      | Reached XP level 2. HP: 14/18 MP: 5/5
   989 | D:1      | Reached XP level 3. HP: 23/23 MP: 6/6
  1118 | D:1      | Learned a level 3 spell: Spider Form
  1121 | D:1      | Learned a level 2 spell: Sticks to Snakes
  1372 | D:2      | Reached XP level 4. HP: 23/28 MP: 4/7
  1682 | D:2      | Found a faded altar of an unknown god.
  2126 | D:3      | Noticed Grinder
  2588 | D:3      | Reached XP level 5. HP: 30/33 MP: 8/8
  2702 | D:3      | Found a basalt altar of Yredelemnul.
  2702 | D:3      | Found an opulent altar of Gozag.
  2803 | D:3      | Became a worshipper of Gozag Ym Sagoz the Greedy
  3012 | D:4      | Reached skill level 5 in Transmutations
  3771 | D:4      | Noticed a black bear
  3977 | D:5      | Entered Level 5 of the Dungeon
  3989 | D:5      | Noticed Dowan
  3989 | D:5      | Noticed Menkaure
  4042 | D:5      | Noticed Eustachio
  4152 | D:5      | Found an ornate altar of the Wu Jian Council.
  4152 | D:5      | Noticed a sky beast
  4176 | D:5      | Killed a sky beast
  4176 | D:5      | Reached skill level 1 in Crossbows
  4176 | D:5      | Reached XP level 6. HP: 30/39 MP: 1/9
  4287 | D:5      | Learned a level 4 spell: Ice Form
  4489 | D:6      | Reached XP level 7. HP: 43/45 MP: 8/11
  4529 | D:6      | Reached skill level 1 in Ice Magic
  4615 | D:6      | Reached skill level 4 in Unarmed Combat
  4812 | D:6      | Reached XP level 8. HP: 33/51 MP: 12/12
  4918 | D:6      | Found a staircase to the Ecumenical Temple.
  5389 | D:6      | Found a shadowy altar of Dithmenos.
  5418 | D:6      | Noticed Prince Ribbit
  5433 | D:6      | Killed Prince Ribbit
  5742 | D:7      | Found a hide-covered altar of Uskayaw.
  5742 | D:7      | Noticed a hand axe
  5742 | D:7      | Noticed a hand axe
  5914 | D:7      | Reached XP level 9. HP: 54/58 MP: 3/13
  5945 | D:7      | Reached skill level 5 in Unarmed Combat
  6064 | D:7      | Noticed Goblin1989's ghost (novice OpTm)
  6146 | D:5      | Reached skill level 5 in Crossbows
  6157 | D:5      | Found Liulet's Antique Weapon Emporium.
  6168 | D:5      | Noticed Ijyb
  6180 | D:5      | Killed Ijyb
  6442 | D:5      | Found a glowing silver altar of Zin.
  6808 | D:7      | Reached skill level 5 in Ice Magic
  7075 | D:8      | Found a radiant altar of Vehumet.
  7252 | D:8      | Reached skill level 5 in Dodging
  7331 | D:8      | HP: 2/70 [wyvern zombie (9)]
  7332 | D:8      | Reached skill level 6 in Unarmed Combat
  7688 | D:8      | Got a fine zirconium amulet
  7712 | D:8      | Identified the amulet of Oddelac {Reflect rC++ MR+ Int+10 Dex-3 SH+4} (You found it on level 8 of the Dungeon)
  8048 | D:8      | Reached skill level 5 in Fighting
  8293 | D:9      | Found Unwib's Assorted Antiques.
  8298 | D:9      | Bought a gnarled jewelled staff for 384 gold pieces
  8301 | D:9      | Bought a blue potion for 28 gold pieces
  8301 | D:9      | Bought a scroll labeled TEAVEV NUICRI for 32 gold pieces
  8301 | D:9      | Bought a ring of dexterity for 64 gold pieces
  8639 | D:9      | Found a staircase to the Lair.
  8664 | D:9      | Reached XP level 10. HP: 65/65 MP: 15/15
  9120 | D:10     | Entered Level 10 of the Dungeon
  9449 | D:10     | Reached skill level 7 in Unarmed Combat
  9659 | D:10     | Found Haecot's Gadget Emporium.
  9739 | D:10     | Found a shattered altar of Ashenzari.
 10160 | D:10     | Noticed Erica
 10383 | D:10     | Killed Erica
 10621 | D:11     | Found Dacziep's Armour Shoppe.
 10621 | D:11     | Noticed a two-headed ogre
 10714 | Lair:1   | Entered Level 1 of the Lair of Beasts
 10756 | Lair:1   | Noticed a spiny frog
 10763 | Lair:1   | Killed a spiny frog
 10763 | Lair:1   | Reached XP level 11. HP: 69/73 MP: 11/16
 11483 | Lair:2   | Found a dark tunnel.
 11496 | Volcano  | Entered a volcano
 11513 | Volcano  | Noticed a red ugly thing
 11513 | Volcano  | Noticed a hell knight
 11532 | Volcano  | Killed a red ugly thing
 11532 | Volcano  | Reached skill level 1 in Evocations
 11547 | Volcano  | Killed a hell knight
 11547 | Volcano  | Reached skill level 8 in Unarmed Combat
 11804 | Volcano  | Noticed a red ugly thing
 13174 | Lair:3   | Found a hole to the Spider Nest.
 13309 | Lair:3   | Reached skill level 10 in Crossbows
 13430 | Lair:3   | Noticed a seven-headed hydra
 13713 | Lair:3   | Noticed Harold
 13826 | Lair:4   | Noticed an oklob plant
 13826 | Lair:4   | Noticed a six-headed hydra
 13829 | Lair:3   | Found a staircase to the Shoals.
 13965 | Lair:3   | Killed Harold
 13965 | Lair:3   | Reached skill level 9 in Unarmed Combat
 13965 | Lair:3   | Reached skill level 5 in Evocations
 14065 | Lair:3   | Reached XP level 12. HP: 81/81 MP: 6/17
 14194 | Lair:3   | Killed a seven-headed hydra
 14982 | Lair:4   | Killed a six-headed hydra
 15274 | Lair:3   | Reached skill level 10 in Unarmed Combat
 17203 | D:10     | Bought a wand of iceblast (9) for 195 gold pieces
 17203 | D:10     | Bought a wand of iceblast (8) for 180 gold pieces
 17430 | Lair:4   | Identified Esat Enn's Guide on Cloudy Changing
 17437 | Lair:4   | Got a fine silver amulet
 17448 | Lair:4   | Identified the amulet of Obsession {Acrobat rN++ Str+3 Int+2 Dex-2} (You found it on level 4 of the Lair of Beasts)
 17451 | Lair:4   | Goblin1989: ??acrobat
 17451 | Lair:4   | beem: amulet of the acrobat[1/1]: Increases EV by a large amount (currently +15) during move and wait actions. Doesn't take effect until worn at full HP, like amulet of regen. New in 0.22. Gives no bonus if you attacked with Wu Jian abilities during your move action.
 18191 | Lair:5   | Noticed a catoblepas
 18305 | Lair:5   | Killed a catoblepas
 18658 | Lair:5   | Noticed a catoblepas
 18669 | Lair:5   | Reached skill level 11 in Unarmed Combat
 18670 | Lair:5   | Killed a catoblepas
 19343 | D:9      | Bought a scroll of blinking for 240 gold pieces
 19977 | D:10     | Reached XP level 13. HP: 90/90 MP: 18/18
 20861 | D:11     | Reached skill level 12 in Unarmed Combat
 20906 | D:11     | Found a staircase to the Orcish Mines.
 21634 | D:12     | Found a blossoming altar of Fedhas.
 21747 | D:12     | Noticed Nessos
 21772 | D:12     | Killed Nessos
 22191 | D:12     | Noticed Urug
 22214 | D:12     | Killed Urug
 22579 | D:12     | Reached skill level 10 in Dodging
 22894 | D:12     | Found Hagg's General Store.
 22901 | D:12     | Bought a scroll of fog for 32 gold pieces
 22901 | D:12     | Bought a scroll of identify for 32 gold pieces
 22901 | D:12     | Bought a scroll of identify for 32 gold pieces
 22901 | D:12     | Bought a scroll of enchant weapon for 120 gold pieces
 23630 | Orc:1    | Entered Level 1 of the Orcish Mines
 23633 | Orc:1    | Noticed Josephine
 23686 | D:11     | Learned a level 3 spell: Ozocubu's Armour
 23899 | D:11     | Goblin1989: ??ozocubu's_armour
 23899 | D:11     | beem: ozocubu's armour[1/1]: Level 3 charms/ice spell that gives you more AC. Usable with armour ER < 5. Slows your movement by 1 aut/move while active.
 24345 | D:11     | Reached skill level 10 in Fighting
 24464 | Orc:1    | Killed Josephine
 24740 | Orc:1    | Noticed Snorg
 24783 | Orc:1    | Killed Snorg
 24783 | Orc:1    | Reached skill level 13 in Unarmed Combat
 25261 | Orc:2    | Entered Level 2 of the Orcish Mines
 25639 | Orc:2    | Redear: снайпер режим
 25641 | Orc:2    | Goblin1989: ну да
 25832 | Orc:2    | Goblin1989: черт
 25832 | Orc:2    | Goblin1989: мне сейчас мысль пришла только что
 25832 | Orc:2    | Redear: ?
 25832 | Orc:2    | Goblin1989: что если играть демонспавном-трансмутером, то можно не бояться холи-оружия
 25832 | Orc:2    | Goblin1989: в форме же ты все равно не демонспавн уже
 25832 | Orc:2    | Redear: ну если бегать в форма то да
 25839 | Orc:2    | Redear: но формы мутации уберают
 25843 | Orc:2    | Redear: частично
 25851 | Orc:2    | Reached XP level 14. HP: 99/99 MP: 16/19
 25879 | Orc:2    | Redear: от куда столько инты
 25879 | Orc:2    | Goblin1989: дамп погляди
 25879 | Orc:2    | Goblin1989: амуль крутой
 26460 | Orc:2    | ololoev: октан тмутер с арбалетом
 26462 | Orc:2    | ololoev: это что-то новенькое!
 26462 | Orc:2    | Goblin1989: лол
 26462 | Orc:2    | Goblin1989: потому что он +6
 26474 | Orc:2    | ololoev: паук же круче, не?
 26480 | Orc:2    | Goblin1989: ну можно же издали немного пострелять, а потом пауком добить
 26480 | Orc:2    | ololoev: или ты в основном в мили бьешься, изредка доставая арбалет?
 26480 | Orc:2    | ololoev: аа
 26503 | Orc:2    | ololoev: я просто открыл, смотрю ты из арбалета шмаляешь, я оторопел немного сходу
 26518 | Orc:2    | ololoev: ох ты ж вот это аумулет!
 26519 | Orc:2    | ololoev: в рот мне ноги!
 26922 | Orc:2    | Goblin1989: c хавкой проблемы скоро будут
 26939 | Orc:2    | Goblin1989: 4 хлебушка осталось всего
 27021 | Orc:2    | Found a staircase to the Elven Halls.
 27049 | Orc:2    | Found Bedgh's Assorted Antiques.
 27049 | Orc:2    | Found Runtinuj's Weapon Shop.
 27057 | Orc:2    | Found Mate's Antique Weapon Boutique.
 27057 | Orc:2    | Found Puaj's Magic Scroll Shop.
 27069 | Orc:2    | Goblin1989: 3 дхлебушка
 27130 | Orc:2    | Bought a glowing hat for 189 gold pieces
 27431 | Orc:2    | Bought a scroll labeled HAXUS YTEUNICW for 27 gold pieces
 27431 | Orc:2    | Bought a brown potion for 24 gold pieces
 27431 | Orc:2    | Bought a scroll labeled QYSSASSESS for 27 gold pieces
 27431 | Orc:2    | Bought a scroll labeled AMNAHU TEESO for 27 gold pieces
 27763 | Lair:5   | Reached skill level 14 in Unarmed Combat
 28072 | Lair:5   | Found a staircase to the Slime Pits.
 28416 | Lair:5   | Found a runed door.
 28589 | Lair:6   | Entered Level 6 of the Lair of Beasts
 28696 | Lair:5   | Bought a ration for 70 gold pieces
 28696 | Lair:5   | Bought a ration for 70 gold pieces
 28696 | Lair:5   | Bought a ration for 70 gold pieces
 28696 | Lair:5   | Bought a ration for 70 gold pieces
 28696 | Lair:5   | Bought a ration for 70 gold pieces
 28696 | Lair:5   | Bought a ration for 70 gold pieces
 28696 | Lair:5   | Bought a ration for 70 gold pieces
 28696 | Lair:5   | Bought a ration for 70 gold pieces
 28696 | Lair:5   | Bought a ration for 70 gold pieces
 28696 | Lair:5   | Bought a ration for 70 gold pieces
 31075 | Lair:6   | Reached skill level 5 in Spellcasting
 31077 | Lair:6   | Found a large runed door.
 31078 | Lair:6   | Found a large runed door.
 32363 | D:13     | Reached XP level 15. HP: 107/107 MP: 11/23
 32584 | D:13     | Found Nosori's Weapon Shoppe.
 32790 | D:13     | Noticed a tengu reaver
 32795 | D:13     | Noticed a storm dragon
 34266 | D:14     | HP: 6/129 [ogre/giant club (26)]
 34770 | D:14     | Reached skill level 15 in Unarmed Combat
 35160 | D:14     | Found a gate to the Vaults.
 35416 | D:14     | Noticed a fire giant
 35416 | D:14     | Noticed a frost giant
 35432 | D:14     | Goblin1989: ??waand_scattershot
 35432 | D:14     | beem: I don't have a page labeled waand_scattershot in my learndb.
 35432 | D:14     | Goblin1989: ??waand_of_scattershot
 35432 | D:14     | beem: waand of scattershot ~ wand of scattershot ~ iron rod[1/4]: Blasts the area in front of you with metallic fragments. Their number and spread increase with evocation power. Range 6. To-hit: 7+power/15.
 35448 | D:14     | Killed a fire giant
 35477 | D:14     | Killed from afar by a deep elf knight

Vault maps used:
D:1:      evilmike_arrival_rings
D:2:      chequers_ecumenical_altar_simple
D:3:      nicolae_overflow_hidden_temple, tgw_trog,
          gammafunk_temple_overflow_statue, uniq_grinder
D:5:      lemuel_round_altar, zin_academy, first_ration, serial_shops,
          nicolae_shop_waterfront, uniq_eustachio, uniq_ijyb, uniq_duvessa,
          uniq_menkaure
D:6:      cheibrodos_quashed, minmay_temple_entry_junction,
          nicolae_dithmenos_the_darkroom, uniq_prince_ribbit1
D:7:      dancing_weapons_uskayaw, cheibrodos_worm_habitat
D:8:      vehumet_statue
D:9:      lair_entry_dummy, serial_shops, kennysheep_little_box, the_bakery
D:10:     kennysheep_blocky_room, serial_shops, shop,
          nicolae_ashenzari_panopticon, uniq_erica
D:11:     orc_0_dummy, serial_shops, shop, serial_bayou_crossing
D:12:     serial_shops, shop, basic_altar, uniq_urug, uniq_nessos
D:13:     serial_shops, shop, minmay_diamond_spiral
D:14:     grunt_vaults_entry_fortified, minivault_27, serial_glass,
          glass_columns_a, glass_columns_c, wad_scary_box
Lair:1:   minivault_19
Lair:2:   nicolae_volcano_entry_two_sided, forest_entry_grove
Lair:3:   minmay_shoals_entry_centaurs, dummy_spider_entry,
          infiniplex_staircase_pool, uniq_harold
Lair:4:   minmay_lair_oklob_chamber, lemuel_fruit_tree
Lair:5:   nzn_motion_control, nicolae_slime_entry_slimehenge, pf_torpor_hydra
Lair:6:   cheibrodos_lair_end_hotspot, st_stairs_3
Orc:1:    uniq_josephine, uniq_snorg
Orc:2:    st_orc_mages, elves_outpost_lemuel
Volcano:  volcano_pools

Skill      XL: |  1  2  3  4  5  6  7  8  9 10 11 12 13 14 15 |
---------------+----------------------------------------------+-----
Transmutations | 3 4 5 |  5.1
Crossbows      | 1 2 3 4 6 8 10 | 10.0
Fighting       | 2 3 5 6 7 9 10 11 12 | 12.1
Ice Magic      | 2 4 5 |  5.0
Dodging        | 3 4 5 6 7 9 10 11 12 | 12.2
Unarmed Combat | 4 6 7 9 11 13 14 15 | 15.1
Spellcasting   | 3 5 7 |  7.8
Evocations     | 5 |  5.1

Action                   |  1- 3 |  4- 6 |  7- 9 | 10-12 | 13-15 || total
-------------------------+-------+-------+-------+-------+-------++-------
Melee: Unarmed           |    73 |   137 |   241 |   341 |   869 ||  1661
       Constrict         |    12 |    17 |     9 |     1 |     1 ||    40
       Tentacles         |     5 |    16 |    12 |     3 |     4 ||    40
       Punch             |       |     2 |     1 |       |     2 ||     5
       Hand crossbow     |       |       |       |       |     4 ||     4
 Fire: Hand crossbow     |       |    21 |    75 |   193 |   471 ||   760
 Cast: Beastly Appendage |     1 |       |       |       |       ||     1
       Spider Form       |     4 |    13 |    17 |    20 |    64 ||   118
       Sticks to Snakes  |       |     1 |     3 |    12 |    10 ||    26
       Ice Form          |       |       |     6 |    26 |    32 ||    64
       Ozocubu's Armour  |       |       |       |       |    22 ||    22
Invok: Potion Petition   |       |     1 |       |     2 |     5 ||     8
       Call Merchant     |       |       |       |       |     1 ||     1
 Abil: End Transformatio |       |       |       |     2 |     4 ||     6
Evoke: Wand              |       |       |       |    25 |    29 ||    54
  Use: Scroll            |       |    10 |     7 |     5 |    14 ||    36
       Potion            |       |       |       |     6 |     3 ||     9
 Stab: Sleeping          |     8 |     1 |     1 |       |     3 ||    13
       Distracted        |       |       |       |     1 |     4 ||     5
       Paralysed         |       |       |       |    12 |    28 ||    40
  Eat: Chunk             |     2 |     3 |       |       |       ||     5
       Ration            |       |     3 |     4 |    13 |    16 ||    36
Armor: Skin              |     4 |     7 |    11 |    47 |    72 ||   141
Dodge: Dodged            |    52 |    95 |   157 |   265 |   714 ||  1283
Block: Other             |       |     6 |    36 |    53 |   122 ||   217
       Reflection        |       |       |       |     3 |    10 ||    13

Table legend:
 A = Spawn XP
 B = Non-spawn XP
 C = Spawn XP percentage of total XP
 D = Spawn monster count
 E = Non-spawn monster count
 F = Spawn count percentage of total count
 G = Total turns spent on level
                    A         B        C        D         E        F      G
               +---------+---------+-------+---------+---------+-------+---------
         Total |       0 |  116061 |   0.0 |       0 |     585 |   0.0 | 35477
               +---------+---------+-------+---------+---------+-------+---------
           D:1 |       0 |      39 |   0.0 |       0 |      22 |   0.0 |  1165
           D:2 |       0 |      86 |   0.0 |       0 |      26 |   0.0 |   912
           D:3 |       0 |      55 |   0.0 |       0 |      12 |   0.0 |   908
           D:4 |       0 |     138 |   0.0 |       0 |      13 |   0.0 |  1056
           D:5 |       0 |     499 |   0.0 |       0 |      12 |   0.0 |   872
           D:6 |       0 |    1273 |   0.0 |       0 |      20 |   0.0 |  1315
           D:7 |       0 |     850 |   0.0 |       0 |      14 |   0.0 |   686
           D:8 |       0 |    1270 |   0.0 |       0 |      25 |   0.0 |  1372
           D:9 |       0 |     866 |   0.0 |       0 |      20 |   0.0 |  1059
          D:10 |       0 |    5541 |   0.0 |       0 |      34 |   0.0 |  2729
          D:11 |       0 |    6075 |   0.0 |       0 |      53 |   0.0 |  2442
          D:12 |       0 |    6877 |   0.0 |       0 |      33 |   0.0 |  2265
          D:13 |       0 |   10712 |   0.0 |       0 |      34 |   0.0 |  1193
          D:14 |       0 |   21074 |   0.0 |       0 |      38 |   0.0 |  1484
        Lair:1 |       0 |    1686 |   0.0 |       0 |       9 |   0.0 |   899
        Lair:2 |       0 |    2453 |   0.0 |       0 |      12 |   0.0 |  1856
        Lair:3 |       0 |    6366 |   0.0 |       0 |      21 |   0.0 |  1889
        Lair:4 |       0 |    7421 |   0.0 |       0 |      22 |   0.0 |  3389
        Lair:5 |       0 |    9144 |   0.0 |       0 |      26 |   0.0 |  2049
        Lair:6 |       0 |   15844 |   0.0 |       0 |      50 |   0.0 |  2567
         Orc:1 |       0 |    4675 |   0.0 |       0 |      17 |   0.0 |  1055
         Orc:2 |       0 |   11706 |   0.0 |       0 |      70 |   0.0 |  1986
       Volcano |       0 |    1411 |   0.0 |       0 |       2 |   0.0 |   329
               +---------+---------+-------+---------+---------+-------+---------

Vault maps used:
D:1:      evilmike_arrival_rings
D:2:      chequers_ecumenical_altar_simple
D:3:      nicolae_overflow_hidden_temple, tgw_trog,
          gammafunk_temple_overflow_statue, uniq_grinder
D:5:      lemuel_round_altar, zin_academy, first_ration, serial_shops,
          nicolae_shop_waterfront, uniq_eustachio, uniq_ijyb, uniq_duvessa,
          uniq_menkaure
D:6:      cheibrodos_quashed, minmay_temple_entry_junction,
          nicolae_dithmenos_the_darkroom, uniq_prince_ribbit1
D:7:      dancing_weapons_uskayaw, cheibrodos_worm_habitat
D:8:      vehumet_statue
D:9:      lair_entry_dummy, serial_shops, kennysheep_little_box, the_bakery
D:10:     kennysheep_blocky_room, serial_shops, shop,
          nicolae_ashenzari_panopticon, uniq_erica
D:11:     orc_0_dummy, serial_shops, shop, serial_bayou_crossing
D:12:     serial_shops, shop, basic_altar, uniq_urug, uniq_nessos
D:13:     serial_shops, shop, minmay_diamond_spiral
D:14:     grunt_vaults_entry_fortified, minivault_27, serial_glass,
          glass_columns_a, glass_columns_c, wad_scary_box
Lair:1:   minivault_19
Lair:2:   nicolae_volcano_entry_two_sided, forest_entry_grove
Lair:3:   minmay_shoals_entry_centaurs, dummy_spider_entry,
          infiniplex_staircase_pool, uniq_harold
Lair:4:   minmay_lair_oklob_chamber, lemuel_fruit_tree
Lair:5:   nzn_motion_control, nicolae_slime_entry_slimehenge, pf_torpor_hydra
Lair:6:   cheibrodos_lair_end_hotspot, st_stairs_3
Orc:1:    uniq_josephine, uniq_snorg
Orc:2:    st_orc_mages, elves_outpost_lemuel
Volcano:  volcano_pools
